 Dungeon Crawl Stone Soup version 0.27.0-1-g7a089689b8 (webtiles) character file.

Game seed: 4445465615971773547

31 Leeroy the Slasher (level 3, -3/28 HPs)
             Began as a Barachi Warper on Aug 3, 2021.
             Succumbed to a kobold's poison
             ... on level 1 of the Dungeon.
             The game lasted 00:00:52 (1076 turns).

Leeroy the Slasher (Barachi Warper)                 Turns: 1076, Time: 00:00:53

Health: -3/28      AC:  3    Str: 12    XL:     3   Next: 22%
Magic:  6/6        EV: 11    Int: 14    God:
Gold:   12         SH:  0    Dex: 11    Spells: 6/6 levels left

rFire    . . .     SeeInvis .   a - +0 falchion
rCold    . . .     Faith    .   (no shield)
rNeg     . . .     Spirit   .   b - +0 leather armour
rPois    .         Reflect  .   (no helmet)
rElec    .         Harm     .   (no cloak)
rCorr    .         Rampage  .   (no gloves)
Will     .....                  (no boots)
Stlth    +.........             (no amulet)
HPRegen  0.09/turn              (no ring)
MPRegen  0.10/turn              (no ring)

@: lethally poisoned (-3 -> -22), about to teleport, slow
A: amphibious, slowness 1, strong legs 1, +LOS
a: Hop


You were on level 1 of the Dungeon.
You visited 1 branch of the dungeon, and saw 1 of its levels.

You collected 12 gold pieces.

Inventory:

Hand Weapons
 a - a +0 falchion (weapon)
Missiles
 d - 5 boomerangs of dispersal (quivered)
Armour
 b - a +0 leather armour (worn)
Scrolls
 c - a scroll of blinking
 e - a scroll of amnesia {unknown}
 f - a scroll of teleportation


   Skills:
 - Level 2.4 Fighting
 + Level 4.3 Long Blades
 - Level 1.0 Throwing
 - Level 1.2 Armour
 - Level 2.1 Dodging
 - Level 2.1 Spellcasting
 - Level 3.2 Translocations


You had 6 spell levels left.
You didn't know any spells.
Your spell library contained the following spells:

 Spells                   Type           Power      Damage    Failure   Level
 Blink                    Tloc           N/A        N/A       12%         2
 Gell's Gravitas          Tloc           5%         N/A       22%         3
 Lesser Beckoning         Tloc           5%         N/A       22%         3
 Teleport Other           Tloc           10%        N/A       22%         3
 Dazzling Flash           Conj/Hex       2%         N/A       65%         3
 Manifold Assault         Tloc           10%        N/A       91%         5
 Agony                    Necr           1%         N/A       100%        5
 Silence                  Hex/Air        0%         N/A       100%        5


Dungeon Overview and Level Annotations

Branches:
Dungeon (1/15)

Altars:

Shops:
D:1 !


Innate Abilities, Weirdness & Mutations

You are amphibious.
You cover ground slowly.
You can hop short distances.
You have an extended range of vision and can be seen from far away.


Message History

The hobgoblin hits you but does no damage.
You barely miss the hobgoblin.
The hobgoblin is heavily wounded.
The hobgoblin hits you.
A hobgoblin is nearby!
You closely miss the hobgoblin.
The hobgoblin is moderately wounded.
The hobgoblin barely misses you.
You hit the hobgoblin.
You kill the hobgoblin!
A kobold comes into view.
It is wielding a +2 short sword of venom.
The kobold shouts!
A kobold is nearby!
A kobold is nearby!
The kobold hits you with a +2 short sword of venom.
You are poisoned.
You barely miss the kobold.
You feel very sick.
The kobold hits you with a +2 short sword of venom.
You are more poisoned.
You barely miss the kobold.
You feel very sick. The kobold closely misses you.
You hit the kobold.
The kobold is moderately wounded.
You feel very sick.
The kobold hits you with a +2 short sword of venom.
* * * LOW HITPOINT WARNING * * *
You are too injured to fight recklessly!
You hit the kobold but do no damage.
The kobold is moderately wounded.
* * * LOW HITPOINT WARNING * * *
You feel very sick.
The kobold hits you with a +2 short sword of venom.
* * * LOW HITPOINT WARNING * * *
You are more poisoned.
You aren't carrying any potions.
As you read the scroll labelled RUOC QUPIATIDU, it crumbles to dust.
You feel strangely unstable.
It was a scroll of teleportation.
You die...

###
#.###############
#......(........#
#.#############.#
#.#..@K.......#.#
#.#.#########.#.#
#.#.# #.#
########## #.#.#
#.# .........#
#.#.# #.#
......(..# #.#.#
#.# .........#
#.#.# #.#
.........# #.#.#
#.# .........#
#.#.# #.#


You could see a kobold.

Vanquished Creatures
  3 dart slugs (D:1)
  An endoplasm (D:1)
  A giant cockroach (D:1)
  3 goblins (D:1)
  3 hobgoblins (D:1)
  5 jackals (D:1)
  3 ball pythons (D:1)
  A frilled lizard (D:1)
  A kobold (D:1)
  2 rats (D:1)
23 creatures vanquished.

Notes
Turn   | Place    | Note
-------+----------+-------------------------------------------
     0 | D:1      | Leeroy the Barachi Warper began the quest for the Orb.
     0 | D:1      | Reached XP level 1. HP: 17/17 MP: 3/3
    24 | D:1      | Found a faded altar of an unknown god.
   120 | D:1      | Reached skill level 3 in Long Blades
   159 | D:1      | Reached XP level 2. HP: 23/23 MP: 5/5
   243 | D:1      | Found Unepoho's Distillery.
   548 | D:1      | Reached skill level 4 in Long Blades
   715 | D:1      | Reached XP level 3. HP: 27/28 MP: 6/6
  1075 | D:1      | HP: 1/28 [kobold (3)]
  1076 | D:1      | Succumbed to a kobold's poison

Illustrated notes

Levels and vault maps discovered:
D:1:      minmay_arrival_arboretum_small, layout_basic,
          chequers_ecumenical_altar_simple_redux, serial_shops,
          nicolae_shop_stone, chequers_serial_rivers_room_a

Skill      XL: |  1  2 |
---------------+-------+-----
Long Blades    | 3 4 |  4.3
Fighting       | |  2.4
Throwing       | |  1.0
Armour         | |  1.2
Dodging        | |  2.1
Spellcasting   | |  2.1
Translocations | |  3.2

Action                   || total
-------------------------++-------
Melee: Falchion          ||    73
  Use: Scroll            ||     1
Armor: Leather armour    ||    16
Dodge: Dodged            ||    35
       Rpst.: Falchion   ||    15
